 Dungeon Crawl Stone Soup version 0.31-a0-889-g1a8549509d (webtiles) character file.

Game seed: 9479387834034454348

985 Error4North the Ruffian (level 7, -4/52 (58) HPs)
             Began as a Black Draconian Shapeshifter on Oct 16, 2023.
             Was an Initiate of Wu Jian.
             Slain by a two-headed ogre
             ... wielding a +0 giant spiked club
              (7 damage)
             ... on level 6 of the Dungeon.
             The game lasted 00:27:05 (5475 turns).

Error4North the Ruffian (DrSh)                      Turns: 5475, Time: 00:27:06

HP:   -4/52 (58)    AC:  6    Str: 15    XL:     7   Next: 97%
MP:   7/7           EV: 13    Int: 10    God:    Wu Jian [......]
Gold: 304           SH:  0    Dex: 12    Spells: 6/6 levels left

rFire   . .          .
                       - Unarmed
rCold   . . .        (no shield)
rNeg    . . .        (body armour unavailable)
rPois   .            (helmet currently unavailable)
rElec   +            (cloak currently unavailable)
rCorr   .            (gloves currently unavailable)
SInv    .            (boots currently unavailable)
Will    +....        (no amulet)
Stlth   +            (no ring)
HPRegen 0.28/turn    (no ring)
MPRegen 0.10/turn

%: no passive effects
@: beast-form, heavily drained, very slow
A: beast (slay +2), breathe lightning, AC +6, unfitting armour, electricity
resistance, cold-blooded, antennae 1, strong-willed 1, weak 1
a: Breathe Lightning, Begin Untransformation, Renounce Religion


You were on level 6 of the Dungeon.
You worshipped Wu Jian.
Wu Jian was noncommittal.
You were a hulking beast.
You visited 2 branches of the dungeon, and saw 7 of its levels.

You collected 304 gold pieces.

Inventory:

Jewellery
 s - a ring of ice
Talismans
 b - a beast talisman (active)
 c - a flux talisman
 g - a maw talisman
Wands
 e - a wand of roots (9)
 m - a wand of light (10)
 r - a wand of flame (4)
 v - a wand of polymorph (4)
 w - a wand of paralysis (6)
Scrolls
 d - 2 scrolls of vulnerability {unknown}
 i - a scroll of immolation {unknown}
 k - a scroll of fear
 l - 4 scrolls of enchant weapon {unknown}
 n - 3 scrolls of poison {unknown}
 o - 6 scrolls of identify {unknown}
 p - 2 scrolls of amnesia {unknown}
Potions
 a - a potion of lignification
 f - a potion of brilliance
 h - 4 potions of curing
 j - a potion of attraction
 q - a potion of magic {unknown}
 t - a potion of berserk rage
 u - a potion of enlightenment {unknown}


   Skills:
 * Level 3.8 Fighting
 * Level 4.6 Dodging
 + Level 1.9 Stealth
 + Level 6.1 Unarmed Combat
 + Level 0.5 Evocations
 * Level 4.6 Shapeshifting


You had 6 spell levels left.
You didn't know any spells.
Your spell library contained the following spells:

 Spells                   Type           Power      Damage    Failure   Level
 Blink                    Tloc           0%         N/A       50%         2
 Ensorcelled Hibernation  Hex/Ice        0%         N/A       50%         2
 Lesser Beckoning         Tloc           0%         N/A       50%         2
 Momentum Strike          Conj/Tloc      0%         3d8       50%         2
 Passwall                 Tmut/Erth      0%         N/A       50%         2
 Swiftness                Air            0%         N/A       75%         3
 Anguish                  Hex/Necr       0%         N/A       98%         4
 Cause Fear               Hex            0%         N/A       98%         4
 Enfeeble                 Hex            0%         N/A       100%        7


Dungeon Overview and Level Annotations

Branches:
Dungeon (6/15)             Temple (1/1) D:4

Altars:
Ashenzari
Cheibriados
Elyvilon
Fedhas
Gozag
Kikubaaqudgha
Makhleb
Nemelex Xobeh
Ru
Sif Muna
Trog
Uskayaw
Vehumet
Wu Jian
The Shining One

Shops:
D:3 =:


Innate Abilities, Weirdness & Mutations

You are a hulking beast.
Your limbs bulge with bestial killing power. (Slay +2)
You can breathe wild blasts of lightning.
Your glossy black scales are hard. (AC +6)
You cannot fit into any form of body armour.
You are resistant to electric shocks. (rElec)
You are cold-blooded and may be slowed by cold attacks.
You have a pair of small antennae on your head.
You are strong-willed. (Will+)
You are weak. (Str -2)


Message History

You completely miss the white imp.
The white imp is moderately wounded.
You barely miss the white imp.
You tail-slap the white imp, but do no damage.
The white imp is moderately wounded.
The white imp misses you.
You closely miss the white imp.
The white imp is moderately wounded.
The white imp disappears for a moment.
The white imp hits you but does no damage.
You punch the white imp!
You kill the white imp!
The Council accepts your kill.
Found a fuming emerald potion.
q - a fuming emerald potion
There are no items here.
Found a dagger.
A two-headed ogre comes into view.
It is wielding two +0 giant spiked clubs.
The two-headed ogre shouts in stereo!
You open the door.
You hear the slow rusting of a drain very nearby.
A giant cockroach and 2 quokkas come into view.
The two-headed ogre attacks as it pursues you!
The two-headed ogre hits you with a +0 giant spiked club!!
The two-headed ogre closely misses you.
There is an open door, spattered with blood here.
You enter the shallow water.
Moving in this stuff is going to be slow.
You hit the quokka.
The quokka is heavily wounded.
The quokka bites you but does no damage.
You hit the quokka.
You kill the quokka!
The Council accepts your kill.
The quokka bites you but does no damage.
The two-headed ogre hits you with a +0 giant spiked club!!
Ouch! That really hurt!
* * * LOW HITPOINT WARNING * * *
The two-headed ogre hits you with a +0 giant spiked club!
You die...

..#####............#
. #.####.......#
#............#
##............#
####....###......#
#................##
.....##.###.####....#
.).#. #.# ###~~##O..#
## # #.# +~~~B†h#..#
..# +~~~~r~#..# #.#
###~~##+..# #.# ###
..# #.. .## ##


You could see a two-headed ogre, a quokka and a giant cockroach.

Vanquished Creatures
  Menkaure (D:5)
  A warg (D:4)
  An ogre (D:5)
  A phantom (D:4)
  A bullfrog (D:5)
  2 scorpions
  A wight (D:5)
  3 hounds
  Jessica (D:3)
  An orc wizard (D:5)
  An iguana (D:5)
  Terence (D:3)
  3 adders
  3 gnolls
  2 white imps
  4 ufetubi (D:5)
  A worm (D:2)
  2 dart slugs
  8 orcs
  5 endoplasms
  3 giant cockroaches (D:2)
  7 goblins
  5 hobgoblins
  8 jackals (D:1)
  5 quokkas
  5 ball pythons
  4 bats
  2 frilled lizards (D:2)
  6 kobolds
  6 rats
94 creatures vanquished.

Vanquished Creatures (others)
  A ball python (D:3)
1 creature vanquished.

Grand Total: 95 creatures vanquished

Notes
Turn   | Place    | Note
-------+----------+-------------------------------------------
     0 | D:1      | Error4North the Draconian Shapeshifter began the quest for
                  | the Orb.
     0 | D:1      | Reached XP level 1. HP: 16/16 MP: 1/1
   157 | D:1      | Reached XP level 2. HP: 17/23 MP: 2/2
   576 | D:1      | Found a faded altar of an unknown god.
  1020 | D:2      | Found a bloodstained altar of Trog.
  1082 | D:2      | Reached XP level 3. HP: 28/28 MP: 3/3
  1785 | D:3      | Found a burning altar of Makhleb.
  1789 | D:3      | Noticed Jessica
  1798 | D:3      | Killed Jessica
  1799 | D:3      | Reached XP level 4. HP: 34/36 MP: 4/4
  1839 | D:3      | Reached skill level 1 in Stealth
  1901 | D:3      | Noticed Terence
  1913 | D:3      | Killed Terence
  1914 | D:3      | Reached skill level 4 in Unarmed Combat
  1925 | D:3      | Found Ceud Rur's Book Shoppe.
  1977 | D:3      | Found a glowing golden altar of the Shining One.
  2209 | D:2      | Reached XP level 5. HP: 17/41 MP: 5/5
  2496 | D:3      | Found Gar Guq's Jewellery Shop.
  2959 | D:4      | Gained mutation: You are weak. (Str -2) [potion of
                  | mutation]
  2959 | D:4      | Gained mutation: You have a pair of small antennae on your
                  | head. [potion of mutation]
  2959 | D:4      | Gained mutation: You are strong-willed. (Will+) [potion of
                  | mutation]
  3129 | D:4      | Noticed an ogre
  3178 | D:5      | Entered Level 5 of the Dungeon
  3334 | D:4      | an ogre changed into a warg
  3334 | D:4      | Noticed a warg
  3344 | D:4      | Killed a warg
  3345 | D:4      | Reached XP level 6. HP: 14/50 MP: 6/6
  3730 | D:4      | Found an ornate altar of the Wu Jian Council.
  3738 | D:4      | Became a worshipper of the Wu Jian Council
  3930 | D:4      | Found a staircase to the Ecumenical Temple.
  4367 | Temple   | Entered the Ecumenical Temple
  4500 | D:5      | Found a radiant altar of Vehumet.
  4539 | D:5      | Reached skill level 5 in Unarmed Combat
  4566 | D:5      | Your scales start taking on a glossy black colour.
  4566 | D:5      | Reached XP level 7. HP: 49/57 MP: 7/7
  4566 | D:5      | Gained mutation: You are resistant to electric shocks.
                  | (rElec) [Black Draconian growth]
  4619 | D:5      | Found a sparkling altar of Nemelex Xobeh.
  4696 | D:5      | Found a blossoming altar of Fedhas.
  4970 | D:5      | Noticed Menkaure
  5114 | D:5      | Killed Menkaure
  5115 | D:5      | Reached skill level 6 in Unarmed Combat
  5238 | D:5      | HP: 1/51 [wight/+4 scimitar (9)]
  5461 | D:6      | Noticed a two-headed ogre
  5475 | D:6      | Slain by a two-headed ogre

Illustrated notes

Levels and vault maps discovered:
D:1:      kennysheep_arrival_seaside, layout_loops_corners,
          hellmonk_ecumenical_altar_pennies_from_heaven, kennysheep_crisscross,
          chequers_garden
D:2:      layout_loops_ring, basic_altar
D:3:      layout_rooms, bloody_makhleb, lemuel_round_altar, serial_shops,
          nicolae_shop_hallway_plus, nicolae_shop_real_fake_doors,
          corexii_leaking_fountain, nicolae_hexahallways, uniq_jessica,
          uniq_terence
D:4:      layout_gridville, mainiacjoe_overflow_alcove_2,
          minmay_temple_entry_statues_fountains
D:5:      layout_cave_pools, mainiacjoe_overflow_small_starburst,
          mainiacjoe_overflow_cross_hatched, overflow_temple_1_default,
          nicolae_letterblocks [nicolae_letter_subblock,
          nicolae_letter_subblock, nicolae_letter_subblock,
          nicolae_letter_subblock, nicolae_letter_subblock,
          nicolae_letter_subblock, nicolae_letter_subblock,
          nicolae_letter_subblock, nicolae_letter_subblock,
          nicolae_letter_subblock, nicolae_letter_subblock,
          nicolae_letter_subblock, nicolae_letter_subblock,
          nicolae_letter_subblock, nicolae_letter_subblock,
          nicolae_letter_subblock, nicolae_letter_subblock,
          nicolae_letter_subblock, nicolae_letter_subblock,
          nicolae_letter_subblock, nicolae_letter_subblock,
          nicolae_letter_subblock, nicolae_letter_subblock,
          nicolae_letter_subblock, nicolae_letter_subblock], uniq_menkaure
D:6:      layout_rooms, tgw_trog, okawaru_ov_weapons_minmay,
          gup_sewer_entry_bowl
Temple:   pf_temple_reverse_labyrinth

Skill      XL: |  1  2  3  4  5  6  7 |
---------------+----------------------+-----
Dodging        | 2 3 4 |  4.6
Stealth        | 1 |  1.9
Fighting       | 2 3 |  3.8
Unarmed Combat | 4 5 6 |  6.1
Shapeshifting  | 4 |  4.6
Evocations     | |  0.5

Action                     |  1- 3 |  4- 6 |  7- 9 || total
---------------------------+-------+-------+-------++-------
  Melee: Unarmed           |   109 |   127 |    81 ||   317
         Tailslap          |     9 |    16 |    15 ||    40
         Punch             |     1 |     6 |     4 ||    11
Ability: Lunge             |       |     5 |     2 ||     7
  Evoke: Wand              |       |     3 |     5 ||     8
    Use: Potion            |       |     7 |     4 ||    11
         Scroll            |       |     2 |       ||     2
   Stab: Sleeping          |     4 |     1 |     1 ||     6
 Armour: Skin              |    47 |    85 |    69 ||   201
  Dodge: Dodged            |    66 |   104 |    74 ||   244

Table legend: (Time is in decaauts)
 A = Elapsed time spent in this place.
 B = Non-inter-level travel time spent in this place.
 C = Inter-level travel time spent in this place.
 D = Time resting spent in this place.
 E = Time spent auto-exploring this place.
 F = Levels seen in this place.
 G = Mean time per level.
                   A        B        C        D        E       F      G
               +--------+--------+--------+--------+--------+-----+--------+
         Total |   5462 |   5207 |    255 |    805 |   3198 |   7 |  780.3 |
       Dungeon |   5376 |   5202 |    174 |    805 |   3198 |   6 |  896.0 |
        Temple |     85 |      4 |     81 |      0 |      0 |   1 |   85.0 |
               +--------+--------+--------+--------+--------+-----+--------+

Top non-repeatable levels by time:
     D:4: 1467 daAuts
     D:3: 1072 daAuts
     D:1: 1024 daAuts
     D:5: 916 daAuts
     D:2: 829 daAuts
  Temple: 85 daAuts
     D:6: 67 daAuts
